WCHLSIM.com - West Coast Hockey League
html PUBLIC "-//W3C//DTD XHTML 1.0 Transitional//EN" "http://www.w3.org/TR/xhtml1/DTD/xhtml1-transitional.dtd"> WCHL - Game 773 - RENO LIONS vs VANCOUVER VOODOO

RENO LIONS vs VANCOUVER VOODOO

Created - 30 janvier 2024 at 21:10

Goals
1 2 3 T
RENO LIONS 0 0 1 1
VANCOUVER VOODOO 1 0 5 6
Shots
1 2 3 T
RENO LIONS 12 6 18 36
VANCOUVER VOODOO 9 11 16 36

1st period

1. VANCOUVER VOODOO , Rafael Harvey-Pinard 9 (Josh Anderson 20, Joshua Norris 3) at 15:44

Penalties :
Nicolas Hague (VAN) for Hooking (Minor) at 11:29, Nicolas Roy (VAN) for Holding (Minor) at 17:31

2nd period

No Goal

Penalties :
Jordan Harris (VAN) for High sticking (Minor) at 4:18, Logan Stanley (VAN) for High sticking (Minor) at 10:19

3rd period

2. RENO LIONS , Nick Bjugstad 6 (Dylan Strome 12, Marcus Foligno 13) at 0:35
3. VANCOUVER VOODOO , Nicolas Roy 10 (Jonathan Drouin 21, Cody Glass 13) at 8:01
4. VANCOUVER VOODOO , Nicolas Roy 11 (Jonathan Drouin 22, Cody Glass 14) at 10:26
5. VANCOUVER VOODOO , Joshua Norris 3 (Jonathan Drouin 23, Conor Garland 16) at 12:41 (PP)
6. VANCOUVER VOODOO , Christian Dvorak 14 (Conor Garland 17, Radek Faksa 6) at 16:22
7. VANCOUVER VOODOO , Joshua Norris 4 (Rafael Harvey-Pinard 16) at 19:27

Penalties :
Braden Schneider (VAN) for High sticking (Minor) at 5:35, Alex Newhook (VAN) for Hooking (Minor) at 8:12, Marcus Foligno (REN) for Interference (Minor) at 11:07

Goalie Stats

Stuart Skinner (REN), 30 saves from 36 shots - (0,833), L, 17-18-4, 60:00 minutes
Filip Gustavsson (VAN), 35 saves from 36 shots - (0,972), W, 7-12-1, 60:00 minutes

Players Stats for RENO LIONS

Player Name              G  A  P  +/- PIM S  H  SB GA TA FO     MP     PP MP  PK MP  
------------------------------------------------------------------------------------
Alex Steeves             0  0  0  -1  0   0  0  0  0  0  0/1     3:47   0:00   0:00 
Brady Skjei              0  0  0  -2  0   1  0  1  0  0  0/0    24:41   5:41   0:42 
Dante Fabbro             0  0  0  -1  0   0  0  3  0  0  0/0    15:55   0:00   0:00 
Dylan Strome             0  1  1   0  0   6  0  0  0  0  1/1    22:00   5:58   0:00 
Elias Pettersson         0  0  0  -2  0   10 0  0  0  0  3/4    26:16   5:56   1:04 
Ethan Bear               0  0  0  -1  0   1  2  1  0  0  0/0    18:52   5:41   0:52 
Justin Schultz           0  0  0  -1  0   1  1  1  0  0  0/0    23:50   6:13   0:42 
Juuso Valimaki           0  0  0  -1  0   1  1  2  0  0  0/0    19:24   6:13   0:52 
Kirill Kaprizov          0  0  0  -1  0   5  0  1  0  0  0/3    21:55   5:56   0:30 
Marcus Foligno           0  1  1   0  2   1  1  0  0  0  0/2    16:01   0:00   0:00 
Marian Studenic          0  0  0  -1  0   0  0  0  0  0  0/0     3:47   0:00   0:00 
Mattias Samuelsson       0  0  0   0  0   0  0  0  0  0  0/0     0:00   0:00   0:00 
Nicholas Ritchie         0  0  0  -2  0   0  1  0  0  0  0/1    11:14   0:00   0:00 
Nick Bjugstad            1  0  1   0  0   4  0  1  0  0  22/33  23:04   5:58   1:04 
Patrick Brown            0  0  0  -2  0   0  1  0  0  0  0/1    11:14   0:00   0:00 
Pierre-Luc Dubois        0  0  0  -1  0   3  0  0  0  0  16/28  21:55   5:56   0:30 
Robert Hagg              0  0  0  -2  0   1  4  1  0  0  0/0    17:18   0:00   0:00 
Trent Frederic           0  0  0  -2  0   2  1  0  0  0  6/14   17:12   5:58   0:00 

Players Stats for VANCOUVER VOODOO

Player Name              G  A  P  +/- PIM S  H  SB GA TA FO     MP     PP MP  PK MP  
------------------------------------------------------------------------------------
Alex Newhook             0  0  0   0  2   3  0  0  0  0  0/1     5:51   0:00   0:31 
Braden Schneider         0  0  0   3  2   0  3  1  0  0  0/0    21:10   0:42   4:22 
Brendan Gallagher        0  0  0   0  0   1  1  0  0  0  0/0     6:03   0:42   0:00 
Callan Foote             0  0  0   0  0   1  2  1  0  0  0/0    18:11   0:52   3:46 
Christian Dvorak         1  0  1   0  0   6  0  1  0  0  8/14   17:23   0:00   5:48 
Cody Glass               0  2  2   2  0   2  1  0  0  0  8/19   14:41   0:42   0:00 
Cole Sillinger           0  0  0   0  0   1  0  0  0  0  4/6     6:00   0:00   0:39 
Conor Garland            0  2  2   0  0   3  0  0  0  0  1/2    12:27   0:52   0:00 
Jonathan Drouin          0  3  3   2  0   2  1  0  0  0  0/2    14:51   0:52   0:00 
Jordan Harris            0  0  0   1  2   0  0  1  0  0  0/0    22:31   0:42   4:58 
Josh Anderson            0  1  1   2  0   4  2  0  0  0  0/0    15:37   0:00   0:00 
Joshua Norris            2  1  3   2  0   4  0  0  0  0  9/20   16:29   0:52   0:00 
Logan Stanley            0  0  0   0  2   0  2  0  0  0  0/0    18:07   0:00   5:06 
Nicolas Hague            0  0  0   1  2   0  2  2  0  0  0/0    22:28   0:52   4:14 
Nicolas Roy              2  0  2   2  2   5  1  0  0  0  0/0    18:36   0:00   4:38 
Radek Faksa              0  1  1   0  0   1  1  0  0  0  10/23  17:41   0:00   6:06 
Rafael Harvey-Pinard     1  1  2   2  0   3  1  0  0  0  0/1    22:25   0:42   6:06 
Sebastien Aho            0  0  0   3  0   0  2  0  0  0  0/0    17:29   0:00   1:22 

3 Stars

1 - Joshua Norris (VAN)
2 - Nicolas Roy (VAN)
3 - Rafael Harvey-Pinard (VAN)

Power Play

RENO LIONS - 0 on 6 Attempt(s) - 0,00%
VANCOUVER VOODOO - 1 on 1 Attempt(s) - 100,00%

Penalty Kill

RENO LIONS - 0 on 1 Attempt(s) - 0,00% - Score 0 goal in Penalty Kill
VANCOUVER VOODOO - 6 on 6 Attempt(s) - 100,00% - Score 0 goal in Penalty Kill

Team Stat

RENO LIONS - Hits : 12 - Faceoff Wins : 48 - Blocked Shots : 11 - Penalty Minutes : 2
VANCOUVER VOODOO - Hits : 19 - Faceoff Wins : 40 - Blocked Shots : 6 - Penalty Minutes : 12

Official

Referees : Corey Syvret and Terry Koharski
Linesman : Bryan Pancich and Brad Kovachik

Game Notes

No Game Note

Finance

Level 1 -- Attendance: 7200 (100,00%) -- Ticket Income 1 044 000 $
Level 2 -- Attendance: 5500 (100,00%) -- Ticket Income 550 000 $
Level 3 -- Attendance: 3000 (100,00%) -- Ticket Income 204 000 $
Level 4 -- Attendance: 5347 (89,12%) -- Ticket Income 256 656 $
Luxury Box -- Attendance: 1000 (100,00%) -- Ticket Income 300 000 $
Total Attendance: 22047 (97,12%)
Total Ticket Income: 2 354 656 $
Other Expense: 23 547 $
Total Income: 2 331 109 $

RENO LIONS

5 vs 5 Forward 
   Center                   Left Wing                Right Wing               Time % Phy DF OF 
 1 Pierre-Luc Dubois        Kirill Kaprizov          Elias Pettersson         35     0   1  4  
 2 Nick Bjugstad            Marcus Foligno           Dylan Strome             35     0   2  3  
 3 Trent Frederic           Nicholas Ritchie         Patrick Brown            20     1   3  1  
 4 Alex Steeves             Elias Pettersson         Marian Studenic          10     2   3  0  

5 vs 5 Defense 
   Defense                  Defense                                           Time % Phy DF OF 
 1 Robert Hagg              Brady Skjei                                       35     1   2  2  
 2 Dante Fabbro             Justin Schultz                                    35     1   2  2  
 3 Ethan Bear               Juuso Valimaki                                    20     1   2  2  
 4 Justin Schultz           Brady Skjei                                       10     1   2  2  

PowerPlay Forward 
   Center                   Left Wing                Right Wing               Time % Phy DF OF 
 1 Pierre-Luc Dubois        Kirill Kaprizov          Elias Pettersson         65     0   0  5  
 2 Nick Bjugstad            Trent Frederic           Dylan Strome             35     0   0  5  

PowerPlay Defense
   Defense                  Defense                                           Time % Phy DF OF 
 1 Justin Schultz           Juuso Valimaki                                    60     1   2  2  
 2 Brady Skjei              Ethan Bear                                        40     1   2  2  

Penalty Kill 4 Players Forward 
   Center                   Wing                     Time % Phy DF OF 
 1 Elias Pettersson         Nick Bjugstad            55     1   3  1  
 2 Pierre-Luc Dubois        Kirill Kaprizov          45     1   3  1  

Penalty Kill 4 Players Defense
   Defense                  Defense                  Time % Phy DF OF 
 1 Justin Schultz           Brady Skjei              55     1   3  1  
 2 Ethan Bear               Juuso Valimaki           45     1   3  1  

Penalty Kill - 3 Players Forward 
   Forward                                           Time % Phy DF OF 
 1 Elias Pettersson                                  55     1   4  0  
 2 Marian Studenic                                   45     1   4  0  

Penalty Kill - 3 Players Defense
   Defense                  Defense                  Time % Phy DF OF 
 1 Ethan Bear               Juuso Valimaki           55     1   4  0  
 2 Justin Schultz           Brady Skjei              45     1   4  0  

4 vs 4 Forward 
   Center                   Wing                     Time % Phy DF OF 
 1 Patrick Brown            Marcus Foligno           55     1   2  2  
 2 Alex Steeves             Nicholas Ritchie         45     1   2  2  

4 vs 4 Defense
   Defense                  Defense                  Time % Phy DF OF 
 1 Ethan Bear               Juuso Valimaki           55     1   2  2  
 2 Justin Schultz           Brady Skjei              45     1   2  2  

Last Minutes Offensive
   Center                   Left Wing                Right Wing               Defense                  Defense                  
   Pierre-Luc Dubois        Kirill Kaprizov          Elias Pettersson         Justin Schultz           Brady Skjei              

Last Minutes Defensive
   Center                   Left Wing                Right Wing               Defense                  Defense                  
   Pierre-Luc Dubois        Elias Pettersson         Nick Bjugstad            Robert Hagg              Brady Skjei              

Goaltenders
Starting : Stuart Skinner           
Backup : Elvis Merzlikins         

Extra Forwards
Normal : Dylan Strome, Marcus Foligno, Nicholas Ritchie - PP : Trent Frederic, Patrick Brown - PK : Elias Pettersson
Extra Defensemen
Normal : Justin Schultz, Juuso Valimaki, Brady Skjei - PP : Justin Schultz - PK : Justin Schultz, Brady Skjei
Penalty Shots
Kirill Kaprizov, Elias Pettersson, Pierre-Luc Dubois, Dylan Strome, Nick Bjugstad
Custom OT Lines Forwards
Elias Pettersson, Kirill Kaprizov, Pierre-Luc Dubois, Dylan Strome, Nick Bjugstad, Marcus Foligno, Nicholas Ritchie, Trent Frederic, Patrick Brown, Marian Studenic
Custom OT Lines Defensemen
Brady Skjei, Justin Schultz, Robert Hagg, Ethan Bear, Juuso Valimaki

Scratches
Andreas Johnsson (Healthy), Ilya Mikheyev (Left Hand Injury)

VANCOUVER VOODOO

5 vs 5 Forward 
   Center                   Left Wing                Right Wing               Time % Phy DF OF 
 1 Joshua Norris            Rafael Harvey-Pinard     Josh Anderson            33     1   1  3  
 2 Cody Glass               Jonathan Drouin          Nicolas Roy              32     2   1  2  
 3 Radek Faksa              Christian Dvorak         Conor Garland            26     1   3  1  
 4 Cole Sillinger           Alex Newhook             Brendan Gallagher        9      1   2  2  

5 vs 5 Defense 
   Defense                  Defense                                           Time % Phy DF OF 
 1 Nicolas Hague            Jordan Harris                                     36     2   2  1  
 2 Sebastien Aho            Braden Schneider                                  35     1   1  3  
 3 Logan Stanley            Callan Foote                                      29     2   2  1  
 4 Nicolas Hague            Callan Foote                                      0      1   2  2  

PowerPlay Forward 
   Center                   Left Wing                Right Wing               Time % Phy DF OF 
 1 Joshua Norris            Jonathan Drouin          Conor Garland            53     1   0  4  
 2 Cody Glass               Rafael Harvey-Pinard     Brendan Gallagher        47     2   1  2  

PowerPlay Defense
   Defense                  Defense                                           Time % Phy DF OF 
 1 Nicolas Hague            Callan Foote                                      53     1   1  3  
 2 Braden Schneider         Jordan Harris                                     47     1   2  2  

Penalty Kill 4 Players Forward 
   Center                   Wing                     Time % Phy DF OF 
 1 Christian Dvorak         Nicolas Roy              53     1   4  0  
 2 Radek Faksa              Rafael Harvey-Pinard     47     2   2  1  

Penalty Kill 4 Players Defense
   Defense                  Defense                  Time % Phy DF OF 
 1 Nicolas Hague            Braden Schneider         53     2   3  0  
 2 Logan Stanley            Jordan Harris            47     1   3  1  

Penalty Kill - 3 Players Forward 
   Forward                                           Time % Phy DF OF 
 1 Radek Faksa                                       55     1   4  0  
 2 Rafael Harvey-Pinard                              45     2   3  0  

Penalty Kill - 3 Players Defense
   Defense                  Defense                  Time % Phy DF OF 
 1 Nicolas Hague            Braden Schneider         52     1   4  0  
 2 Jordan Harris            Logan Stanley            48     1   3  1  

4 vs 4 Forward 
   Center                   Wing                     Time % Phy DF OF 
 1 Radek Faksa              Josh Anderson            51     1   2  2  
 2 Cody Glass               Rafael Harvey-Pinard     49     2   1  2  

4 vs 4 Defense
   Defense                  Defense                  Time % Phy DF OF 
 1 Nicolas Hague            Logan Stanley            52     1   2  2  
 2 Callan Foote             Braden Schneider         48     1   2  2  

Last Minutes Offensive
   Center                   Left Wing                Right Wing               Defense                  Defense                  
   Joshua Norris            Conor Garland            Josh Anderson            Nicolas Hague            Jordan Harris            

Last Minutes Defensive
   Center                   Left Wing                Right Wing               Defense                  Defense                  
   Christian Dvorak         Josh Anderson            Nicolas Roy              Nicolas Hague            Braden Schneider         

Goaltenders
Starting : Filip Gustavsson         
Backup : Joonas Korpisalo         

Extra Forwards
Normal : Josh Anderson, Joshua Norris, Cole Sillinger - PP : Rafael Harvey-Pinard, Cody Glass - PK : Cole Sillinger
Extra Defensemen
Normal : Logan Stanley, Callan Foote, Jordan Harris - PP : Callan Foote - PK : Callan Foote, Jordan Harris
Penalty Shots
Nicolas Roy, Conor Garland, Josh Anderson, Jonathan Drouin, Rafael Harvey-Pinard
Custom OT Lines Forwards
Joshua Norris, Nicolas Roy, Josh Anderson, Jonathan Drouin, Christian Dvorak, Rafael Harvey-Pinard, Conor Garland, Cole Sillinger, Radek Faksa, Alex Newhook
Custom OT Lines Defensemen
Nicolas Hague, Jordan Harris, Braden Schneider, Callan Foote, Jonathan Drouin

Scratches
Josh Bailey (Left Hand Injury), Max Pacioretty (Healthy), Samuel Montembeault (Healthy)

% Time on Ice - RENO LIONS

Lines # - Real PCT - Wanted PCT - Time Play
Normal Forward
1 - 33% - 35% - 15:29
2 - 34% - 35% - 16:02
3 - 24% - 20% - 11:14
4 - 8% - 10% - 3:47
Normal Defense
1 - 37% - 35% - 17:18
2 - 34% - 35% - 15:55
3 - 26% - 20% - 12:19
4 - 2% - 10% - 1:00
PP Forward
1 - 50% - 65% - 5:56
2 - 50% - 35% - 5:58
PP Defense
1 - 52% - 60% - 6:13
2 - 48% - 40% - 5:41
PK Forward
1 - 68% - 55% - 1:04
2 - 32% - 45% - 0:30
PK Defense
1 - 45% - 55% - 0:42
2 - 55% - 45% - 0:52
PK3 Forward
1 - 0% - 55%
2 - 0% - 45%
PK3 Defense
1 - 0% - 55%
2 - 0% - 45%
44 Forward
1 - 0% - 55%
2 - 0% - 45%
44 Defense
1 - 0% - 55%
2 - 0% - 45%
Last Minute Offensive  - 0:00
Last Minute Defensive  - 0:00
Total
Forward - 60:00
Defense - 60:00

% Time on Ice - VANCOUVER VOODOO

Lines # - Real PCT - Wanted PCT - Time Play
Normal Forward
1 - 34% - 33% - 15:37
2 - 30% - 32% - 13:59
3 - 25% - 26% - 11:35
4 - 11% - 9% - 5:21
Normal Defense
1 - 36% - 36% - 16:52
2 - 35% - 35% - 16:07
3 - 28% - 29% - 13:02
4 - 1% - 0% - 0:31
PP Forward
1 - 55% - 53% - 0:52
2 - 45% - 47% - 0:42
PP Defense
1 - 55% - 53% - 0:52
2 - 45% - 47% - 0:42
PK Forward
1 - 49% - 53% - 5:48
2 - 51% - 47% - 6:06
PK Defense
1 - 48% - 53% - 5:40
2 - 52% - 47% - 6:14
PK3 Forward
1 - 0% - 55%
2 - 0% - 45%
PK3 Defense
1 - 0% - 52%
2 - 0% - 48%
44 Forward
1 - 0% - 51%
2 - 0% - 49%
44 Defense
1 - 0% - 52%
2 - 0% - 48%
Last Minute Offensive  - 0:00
Last Minute Defensive  - 0:00
Total
Forward - 60:00
Defense - 60:00

Play-by-Play

1st period


0:01 of 1st period - Elias Pettersson wins face-off versus Joshua Norris in neutral zone.
0:21 of 1st period - Icing by Kirill Kaprizov.
0:22 of 1st period - Pierre-Luc Dubois wins face-off versus Cody Glass in RENO LIONS zone.
0:42 of 1st period - Cody Glass is hit by Robert Hagg and loses puck.
1:31 of 1st period - Shot by Christian Dvorak.
1:31 of 1st period - Shot Misses the Net.
1:47 of 1st period - Shot by Christian Dvorak.
1:47 of 1st period - Deflect By Conor Garland.
1:47 of 1st period - Shot Blocked by Dante Fabbro.
3:18 of 1st period - Icing by Jordan Harris.
3:19 of 1st period - Nick Bjugstad wins face-off versus Joshua Norris in VANCOUVER VOODOO zone.
3:27 of 1st period - Icing by Joshua Norris.
3:28 of 1st period - Joshua Norris wins face-off versus Nick Bjugstad in VANCOUVER VOODOO zone.
4:06 of 1st period - Shot by Nick Bjugstad.
4:06 of 1st period - Stopped by Filip Gustavsson with a rebound.
4:58 of 1st period - Shot by Jonathan Drouin.
4:58 of 1st period - Stopped by Stuart Skinner without a rebound.
4:59 of 1st period - Radek Faksa wins face-off versus Nicholas Ritchie in RENO LIONS zone.
5:23 of 1st period - Shot by Conor Garland.
5:23 of 1st period - Stopped by Stuart Skinner without a rebound.
5:24 of 1st period - Dylan Strome wins face-off versus Cole Sillinger in RENO LIONS zone.
5:42 of 1st period - Cole Sillinger is hit by Ethan Bear and loses puck.
5:47 of 1st period - Shot by Brendan Gallagher.
5:47 of 1st period - Stopped by Stuart Skinner with a rebound.
6:35 of 1st period - Shot by Jonathan Drouin.
6:35 of 1st period - Stopped by Stuart Skinner without a rebound.
6:36 of 1st period - Radek Faksa wins face-off versus Trent Frederic in RENO LIONS zone.
6:38 of 1st period - Conor Garland is hit by Robert Hagg and loses puck.
6:46 of 1st period - Icing by Robert Hagg.
6:47 of 1st period - Cody Glass wins face-off versus Trent Frederic in RENO LIONS zone.
6:51 of 1st period - Cody Glass is hit by Robert Hagg and loses puck.
7:01 of 1st period - Patrick Brown is hit by Logan Stanley and loses puck.
7:16 of 1st period - Shot by Jonathan Drouin.
7:16 of 1st period - Shot Blocked by Brady Skjei.
8:03 of 1st period - Shot by Kirill Kaprizov.
8:03 of 1st period - Shot Misses the Net.
8:05 of 1st period - Shot by Elias Pettersson.
8:05 of 1st period - Deflect By Kirill Kaprizov.
8:05 of 1st period - Stopped by Filip Gustavsson without a rebound.
8:06 of 1st period - Nick Bjugstad wins face-off versus Radek Faksa in VANCOUVER VOODOO zone.
9:22 of 1st period - Shot by Josh Anderson.
9:22 of 1st period - Stopped by Stuart Skinner without a rebound.
9:23 of 1st period - Trent Frederic wins face-off versus Alex Newhook in RENO LIONS zone.
10:18 of 1st period - Shot by Elias Pettersson.
10:18 of 1st period - Shot Misses the Net.
10:22 of 1st period - Shot by Elias Pettersson.
10:22 of 1st period - Stopped by Filip Gustavsson without a rebound.
10:23 of 1st period - Nick Bjugstad wins face-off versus Christian Dvorak in VANCOUVER VOODOO zone.
10:38 of 1st period - Shot by Dylan Strome.
10:38 of 1st period - Deflect By Nick Bjugstad.
10:38 of 1st period - Shot Misses the Net.
10:52 of 1st period - Shot by Dylan Strome.
10:52 of 1st period - Stopped by Filip Gustavsson without a rebound.
10:53 of 1st period - Pierre-Luc Dubois wins face-off versus Joshua Norris in VANCOUVER VOODOO zone.
11:08 of 1st period - Shot by Elias Pettersson.
11:08 of 1st period - Stopped by Filip Gustavsson with a rebound.
11:28 of 1st period - Shot by Elias Pettersson.
11:28 of 1st period - Stopped by Filip Gustavsson without a rebound.
11:29 of 1st period - Nick Bjugstad wins face-off versus Cody Glass in VANCOUVER VOODOO zone.
11:29 of 1st period - Minor Penalty to Nicolas Hague for Hooking.
11:30 of 1st period - Christian Dvorak wins face-off versus Nick Bjugstad in VANCOUVER VOODOO zone.
11:48 of 1st period - Callan Foote is hit by Trent Frederic and loses puck.
13:03 of 1st period - Shot by Kirill Kaprizov.
13:03 of 1st period - Stopped by Filip Gustavsson without a rebound.
13:04 of 1st period - Christian Dvorak wins face-off versus Nick Bjugstad in VANCOUVER VOODOO zone.
13:53 of 1st period - Shot by Cole Sillinger.
13:53 of 1st period - Stopped by Stuart Skinner with a rebound.
13:55 of 1st period - Shot by Cole Sillinger.
13:55 of 1st period - Shot Misses the Net.
14:17 of 1st period - Shot by Marcus Foligno.
14:17 of 1st period - Shot Misses the Net.
14:37 of 1st period - Shot by Marcus Foligno.
14:37 of 1st period - Stopped by Filip Gustavsson without a rebound.
14:38 of 1st period - Cody Glass wins face-off versus Trent Frederic in VANCOUVER VOODOO zone.
15:06 of 1st period - Patrick Brown is hit by Sebastien Aho and loses puck.
15:40 of 1st period - Shot by Rafael Harvey-Pinard.
15:40 of 1st period - Shot Blocked by Juuso Valimaki.
15:42 of 1st period - Shot by Josh Anderson.
15:42 of 1st period - Shot Blocked by Juuso Valimaki.
15:44 of 1st period - Shot by Rafael Harvey-Pinard.
15:44 of 1st period - Goal by Rafael Harvey-Pinard - RENO LIONS : 0 - VANCOUVER VOODOO : 1.
15:45 of 1st period - Radek Faksa wins face-off versus Pierre-Luc Dubois in neutral zone.
15:48 of 1st period - Elias Pettersson is hit by Radek Faksa and loses puck.
16:11 of 1st period - Shot by Pierre-Luc Dubois.
16:11 of 1st period - Stopped by Filip Gustavsson without a rebound.
16:12 of 1st period - Nick Bjugstad wins face-off versus Joshua Norris in VANCOUVER VOODOO zone.
16:12 of 1st period - Dylan Strome is hit by Nicolas Hague and loses puck.
16:20 of 1st period - Off-side.
16:21 of 1st period - Nick Bjugstad wins face-off versus Joshua Norris in neutral zone.
16:44 of 1st period - Shot by Joshua Norris.
16:44 of 1st period - Shot Misses the Net.
16:46 of 1st period - Shot by Josh Anderson.
16:46 of 1st period - Stopped by Stuart Skinner without a rebound.
16:47 of 1st period - Cody Glass wins face-off versus Kirill Kaprizov in RENO LIONS zone.
17:09 of 1st period - Elias Pettersson is hit by Callan Foote and loses puck.
17:21 of 1st period - Elias Pettersson is hit by Callan Foote and loses puck.
17:31 of 1st period - Minor Penalty to Nicolas Roy for Holding.
17:32 of 1st period - Radek Faksa wins face-off versus Nick Bjugstad in VANCOUVER VOODOO zone.
17:41 of 1st period - Off-side.
17:42 of 1st period - Nick Bjugstad wins face-off versus Christian Dvorak in neutral zone.
17:45 of 1st period - Shot by Juuso Valimaki.
17:45 of 1st period - Stopped by Filip Gustavsson without a rebound.
17:46 of 1st period - Nick Bjugstad wins face-off versus Christian Dvorak in VANCOUVER VOODOO zone.
18:02 of 1st period - Shot by Nick Bjugstad.
18:02 of 1st period - Shot Blocked by Nicolas Hague.
18:04 of 1st period - Shot by Dylan Strome.
18:04 of 1st period - Shot Misses the Net.
18:18 of 1st period - Shot by Dylan Strome.
18:18 of 1st period - Stopped by Filip Gustavsson without a rebound.
18:19 of 1st period - Pierre-Luc Dubois wins face-off versus Radek Faksa in VANCOUVER VOODOO zone.
18:44 of 1st period - Shot by Elias Pettersson.
18:44 of 1st period - Shot Hit the Post.
18:58 of 1st period - Shot by Elias Pettersson.
18:58 of 1st period - Stopped by Filip Gustavsson without a rebound.
18:59 of 1st period - Nick Bjugstad wins face-off versus Radek Faksa in VANCOUVER VOODOO zone.
19:09 of 1st period - Icing by Nick Bjugstad.
19:10 of 1st period - Radek Faksa wins face-off versus Nick Bjugstad in RENO LIONS zone.
19:38 of 1st period - Shot by Cody Glass.
19:38 of 1st period - Stopped by Stuart Skinner without a rebound.
19:39 of 1st period - Cody Glass wins face-off versus Pierre-Luc Dubois in RENO LIONS zone.
19:41 of 1st period - Nicolas Roy is hit by Robert Hagg and loses puck.
Goals for this period are 0 for RENO LIONS vs 1 for VANCOUVER VOODOO.
Shots for this period are 12 for RENO LIONS vs 9 for VANCOUVER VOODOO.

2nd period


0:01 of 2nd period - Nick Bjugstad wins face-off versus Joshua Norris in neutral zone.
0:16 of 2nd period - Shot by Nick Bjugstad.
0:16 of 2nd period - Deflect By Dylan Strome.
0:16 of 2nd period - Shot Misses the Net.
0:45 of 2nd period - Shot by Josh Anderson.
0:45 of 2nd period - Stopped by Stuart Skinner without a rebound.
0:46 of 2nd period - Pierre-Luc Dubois wins face-off versus Radek Faksa in RENO LIONS zone.
1:18 of 2nd period - Shot by Conor Garland.
1:18 of 2nd period - Stopped by Stuart Skinner with a rebound.
1:22 of 2nd period - Shot by Christian Dvorak.
1:22 of 2nd period - Stopped by Stuart Skinner without a rebound.
1:23 of 2nd period - Trent Frederic wins face-off versus Cody Glass in RENO LIONS zone.
1:32 of 2nd period - Shot by Jonathan Drouin.
1:32 of 2nd period - Shot Misses the Net.
1:39 of 2nd period - Jonathan Drouin is hit by Juuso Valimaki and loses puck.
1:50 of 2nd period - Nicolas Roy is hit by Nicholas Ritchie and loses puck.
2:11 of 2nd period - Shot by Dylan Strome.
2:11 of 2nd period - Stopped by Filip Gustavsson without a rebound.
2:12 of 2nd period - Joshua Norris wins face-off versus Nick Bjugstad in VANCOUVER VOODOO zone.
3:24 of 2nd period - Icing by Dante Fabbro.
3:25 of 2nd period - Nick Bjugstad wins face-off versus Cody Glass in RENO LIONS zone.
3:44 of 2nd period - Shot by Cody Glass.
3:44 of 2nd period - Deflect By Jonathan Drouin.
3:44 of 2nd period - Shot Misses the Net.
3:46 of 2nd period - Shot by Cody Glass.
3:46 of 2nd period - Stopped by Stuart Skinner without a rebound.
3:47 of 2nd period - Pierre-Luc Dubois wins face-off versus Radek Faksa in RENO LIONS zone.
3:58 of 2nd period - Shot by Conor Garland.
3:58 of 2nd period - Stopped by Stuart Skinner with a rebound.
4:00 of 2nd period - Shot by Christian Dvorak.
4:00 of 2nd period - Stopped by Stuart Skinner without a rebound.
4:01 of 2nd period - Joshua Norris wins face-off versus Trent Frederic in RENO LIONS zone.
4:04 of 2nd period - Shot by Joshua Norris.
4:04 of 2nd period - Shot Misses the Net.
4:10 of 2nd period - Rafael Harvey-Pinard is hit by Patrick Brown and loses puck.
4:18 of 2nd period - Minor Penalty to Jordan Harris for High sticking.
4:19 of 2nd period - Christian Dvorak wins face-off versus Kirill Kaprizov in VANCOUVER VOODOO zone.
4:29 of 2nd period - Off-side.
4:30 of 2nd period - Christian Dvorak wins face-off versus Pierre-Luc Dubois in neutral zone.
4:35 of 2nd period - Elias Pettersson is hit by Nicolas Roy and loses puck.
6:29 of 2nd period - Shot by Alex Newhook.
6:29 of 2nd period - Stopped by Stuart Skinner without a rebound.
6:30 of 2nd period - Trent Frederic wins face-off versus Cole Sillinger in RENO LIONS zone.
6:30 of 2nd period - Trent Frederic is hit by Brendan Gallagher.
7:12 of 2nd period - Justin Schultz is hit by Rafael Harvey-Pinard and loses puck.
7:46 of 2nd period - Shot by Joshua Norris.
7:46 of 2nd period - Shot Misses the Net.
7:58 of 2nd period - Shot by Christian Dvorak.
7:58 of 2nd period - Shot Misses the Net.
8:00 of 2nd period - Shot by Christian Dvorak.
8:00 of 2nd period - Stopped by Stuart Skinner without a rebound.
8:01 of 2nd period - Cody Glass wins face-off versus Pierre-Luc Dubois in RENO LIONS zone.
8:31 of 2nd period - Icing by Brady Skjei.
8:32 of 2nd period - Pierre-Luc Dubois wins face-off versus Radek Faksa in RENO LIONS zone.
8:52 of 2nd period - Shot by Radek Faksa.
8:52 of 2nd period - Stopped by Stuart Skinner without a rebound.
8:53 of 2nd period - Joshua Norris wins face-off versus Marcus Foligno in RENO LIONS zone.
10:19 of 2nd period - Minor Penalty to Logan Stanley for High sticking.
10:20 of 2nd period - Christian Dvorak wins face-off versus Kirill Kaprizov in VANCOUVER VOODOO zone.
10:26 of 2nd period - Icing by Juuso Valimaki.
10:27 of 2nd period - Christian Dvorak wins face-off versus Pierre-Luc Dubois in RENO LIONS zone.
11:24 of 2nd period - Shot by Nick Bjugstad.
11:24 of 2nd period - Deflect By Dylan Strome.
11:24 of 2nd period - Shot Blocked by Callan Foote.
11:26 of 2nd period - Shot by Ethan Bear.
11:26 of 2nd period - Stopped by Filip Gustavsson with a rebound.
11:28 of 2nd period - Shot by Dylan Strome.
11:28 of 2nd period - Stopped by Filip Gustavsson with a rebound.
11:30 of 2nd period - Shot by Nick Bjugstad.
11:30 of 2nd period - Stopped by Filip Gustavsson without a rebound.
11:31 of 2nd period - Pierre-Luc Dubois wins face-off versus Christian Dvorak in VANCOUVER VOODOO zone.
11:40 of 2nd period - Shot by Kirill Kaprizov.
11:40 of 2nd period - Shot Misses the Net.
12:16 of 2nd period - Shot by Nick Bjugstad.
12:16 of 2nd period - Stopped by Filip Gustavsson without a rebound.
12:17 of 2nd period - Nick Bjugstad wins face-off versus Christian Dvorak in VANCOUVER VOODOO zone.
13:01 of 2nd period - Icing by Robert Hagg.
13:02 of 2nd period - Joshua Norris wins face-off versus Nick Bjugstad in RENO LIONS zone.
14:15 of 2nd period - Shot by Christian Dvorak.
14:15 of 2nd period - Shot Blocked by Kirill Kaprizov.
14:17 of 2nd period - Shot by Jordan Harris.
14:17 of 2nd period - Shot Blocked by Dante Fabbro.
14:23 of 2nd period - Shot by Christian Dvorak.
14:23 of 2nd period - Stopped by Stuart Skinner without a rebound.
14:24 of 2nd period - Trent Frederic wins face-off versus Cody Glass in RENO LIONS zone.
14:24 of 2nd period - Trent Frederic is hit by Braden Schneider.
14:33 of 2nd period - Nicholas Ritchie is hit by Braden Schneider and loses puck.
14:50 of 2nd period - Shot by Jonathan Drouin.
14:50 of 2nd period - Shot Misses the Net.
15:32 of 2nd period - Shot by Josh Anderson.
15:32 of 2nd period - Deflect By Joshua Norris.
15:32 of 2nd period - Shot Misses the Net.
15:42 of 2nd period - Shot by Rafael Harvey-Pinard.
15:42 of 2nd period - Shot Blocked by Dante Fabbro.
15:48 of 2nd period - Shot by Elias Pettersson.
15:48 of 2nd period - Stopped by Filip Gustavsson without a rebound.
15:49 of 2nd period - Radek Faksa wins face-off versus Alex Steeves in VANCOUVER VOODOO zone.
15:53 of 2nd period - Icing by Christian Dvorak.
15:54 of 2nd period - Nick Bjugstad wins face-off versus Radek Faksa in VANCOUVER VOODOO zone.
16:29 of 2nd period - Shot by Christian Dvorak.
16:29 of 2nd period - Stopped by Stuart Skinner without a rebound.
16:30 of 2nd period - Pierre-Luc Dubois wins face-off versus Joshua Norris in RENO LIONS zone.
17:37 of 2nd period - Shot by Nicholas Ritchie.
17:37 of 2nd period - Shot Misses the Net.
19:42 of 2nd period - Icing by Nicolas Hague.
19:43 of 2nd period - Joshua Norris wins face-off versus Pierre-Luc Dubois in VANCOUVER VOODOO zone.
Goals for this period are 0 for RENO LIONS vs 0 for VANCOUVER VOODOO.
Shots for this period are 6 for RENO LIONS vs 11 for VANCOUVER VOODOO.

3rd period


0:01 of 3rd period - Pierre-Luc Dubois wins face-off versus Cody Glass in neutral zone.
0:13 of 3rd period - Shot by Nicolas Roy.
0:13 of 3rd period - Stopped by Stuart Skinner without a rebound.
0:14 of 3rd period - Radek Faksa wins face-off versus Nick Bjugstad in RENO LIONS zone.
0:35 of 3rd period - Shot by Nick Bjugstad.
0:35 of 3rd period - Goal by Nick Bjugstad - RENO LIONS : 1 - VANCOUVER VOODOO : 1.
0:36 of 3rd period - Cody Glass wins face-off versus Elias Pettersson in neutral zone.
0:42 of 3rd period - Nicolas Roy is hit by Justin Schultz and loses puck.
0:47 of 3rd period - Shot by Nicolas Roy.
0:47 of 3rd period - Stopped by Stuart Skinner with a rebound.
0:49 of 3rd period - Shot by Cody Glass.
0:49 of 3rd period - Shot Blocked by Justin Schultz.
0:51 of 3rd period - Shot by Nicolas Roy.
0:51 of 3rd period - Stopped by Stuart Skinner without a rebound.
0:52 of 3rd period - Nick Bjugstad wins face-off versus Radek Faksa in RENO LIONS zone.
1:26 of 3rd period - Shot by Marcus Foligno.
1:26 of 3rd period - Shot Blocked by Nicolas Hague.
1:28 of 3rd period - Shot by Marcus Foligno.
1:28 of 3rd period - Shot Misses the Net.
1:30 of 3rd period - Shot by Nick Bjugstad.
1:30 of 3rd period - Shot Blocked by Jordan Harris.
1:32 of 3rd period - Shot by Robert Hagg.
1:32 of 3rd period - Stopped by Filip Gustavsson without a rebound.
1:33 of 3rd period - Cody Glass wins face-off versus Pierre-Luc Dubois in VANCOUVER VOODOO zone.
1:47 of 3rd period - Shot by Kirill Kaprizov.
1:47 of 3rd period - Shot Misses the Net.
1:51 of 3rd period - Shot by Pierre-Luc Dubois.
1:51 of 3rd period - Shot Blocked by Braden Schneider.
1:53 of 3rd period - Shot by Elias Pettersson.
1:53 of 3rd period - Shot Misses the Net.
1:55 of 3rd period - Shot by Elias Pettersson.
1:55 of 3rd period - Stopped by Filip Gustavsson with a rebound.
1:57 of 3rd period - Shot by Kirill Kaprizov.
1:57 of 3rd period - Deflect By Elias Pettersson.
1:57 of 3rd period - Stopped by Filip Gustavsson without a rebound.
1:58 of 3rd period - Joshua Norris wins face-off versus Trent Frederic in VANCOUVER VOODOO zone.
2:32 of 3rd period - Shot by Joshua Norris.
2:32 of 3rd period - Stopped by Stuart Skinner without a rebound.
2:33 of 3rd period - Pierre-Luc Dubois wins face-off versus Jonathan Drouin in RENO LIONS zone.
3:04 of 3rd period - Shot by Kirill Kaprizov.
3:04 of 3rd period - Stopped by Filip Gustavsson without a rebound.
3:05 of 3rd period - Nick Bjugstad wins face-off versus Radek Faksa in VANCOUVER VOODOO zone.
3:10 of 3rd period - Shot by Nick Bjugstad.
3:10 of 3rd period - Shot Blocked by Christian Dvorak.
3:12 of 3rd period - Shot by Nick Bjugstad.
3:12 of 3rd period - Shot Misses the Net.
3:14 of 3rd period - Shot by Nick Bjugstad.
3:14 of 3rd period - Deflect By Dylan Strome.
3:14 of 3rd period - Stopped by Filip Gustavsson without a rebound.
3:15 of 3rd period - Joshua Norris wins face-off versus Nick Bjugstad in VANCOUVER VOODOO zone.
3:41 of 3rd period - Shot by Dylan Strome.
3:41 of 3rd period - Stopped by Filip Gustavsson without a rebound.
3:42 of 3rd period - Pierre-Luc Dubois wins face-off versus Cody Glass in VANCOUVER VOODOO zone.
3:55 of 3rd period - Shot by Kirill Kaprizov.
3:55 of 3rd period - Stopped by Filip Gustavsson without a rebound.
3:56 of 3rd period - Radek Faksa wins face-off versus Trent Frederic in VANCOUVER VOODOO zone.
4:19 of 3rd period - Icing by Nicolas Hague.
4:20 of 3rd period - Conor Garland wins face-off versus Pierre-Luc Dubois in VANCOUVER VOODOO zone.
4:29 of 3rd period - Off-side.
4:30 of 3rd period - Pierre-Luc Dubois wins face-off versus Cody Glass in neutral zone.
4:30 of 3rd period - Kirill Kaprizov is hit by Cody Glass and loses puck.
4:39 of 3rd period - Shot by Pierre-Luc Dubois.
4:39 of 3rd period - Shot Misses the Net.
4:41 of 3rd period - Shot by Kirill Kaprizov.
4:41 of 3rd period - Shot Misses the Net.
4:43 of 3rd period - Shot by Elias Pettersson.
4:43 of 3rd period - Stopped by Filip Gustavsson without a rebound.
4:44 of 3rd period - Joshua Norris wins face-off versus Nick Bjugstad in VANCOUVER VOODOO zone.
4:54 of 3rd period - Shot by Rafael Harvey-Pinard.
4:54 of 3rd period - Stopped by Stuart Skinner with a rebound.
4:56 of 3rd period - Shot by Rafael Harvey-Pinard.
4:56 of 3rd period - Stopped by Stuart Skinner with a rebound.
4:58 of 3rd period - Shot by Josh Anderson.
4:58 of 3rd period - Stopped by Stuart Skinner without a rebound.
4:59 of 3rd period - Cody Glass wins face-off versus Pierre-Luc Dubois in RENO LIONS zone.
5:24 of 3rd period - Kirill Kaprizov is hit by Sebastien Aho and loses puck.
5:33 of 3rd period - Shot by Pierre-Luc Dubois.
5:33 of 3rd period - Shot Misses the Net.
5:35 of 3rd period - Shot by Brady Skjei.
5:35 of 3rd period - Stopped by Filip Gustavsson without a rebound.
5:35 of 3rd period - Minor Penalty to Braden Schneider for High sticking.
5:36 of 3rd period - Nick Bjugstad wins face-off versus Radek Faksa in VANCOUVER VOODOO zone.
5:48 of 3rd period - Icing by Nick Bjugstad.
5:49 of 3rd period - Christian Dvorak wins face-off versus Nick Bjugstad in RENO LIONS zone.
6:04 of 3rd period - Shot by Justin Schultz.
6:04 of 3rd period - Stopped by Filip Gustavsson without a rebound.
6:05 of 3rd period - Christian Dvorak wins face-off versus Pierre-Luc Dubois in VANCOUVER VOODOO zone.
6:34 of 3rd period - Shot by Elias Pettersson.
6:34 of 3rd period - Stopped by Filip Gustavsson with a rebound.
6:36 of 3rd period - Shot by Elias Pettersson.
6:36 of 3rd period - Stopped by Filip Gustavsson without a rebound.
6:37 of 3rd period - Nick Bjugstad wins face-off versus Radek Faksa in VANCOUVER VOODOO zone.
7:40 of 3rd period - Shot by Alex Newhook.
7:40 of 3rd period - Stopped by Stuart Skinner without a rebound.
7:41 of 3rd period - Pierre-Luc Dubois wins face-off versus Cody Glass in RENO LIONS zone.
7:41 of 3rd period - Pierre-Luc Dubois is hit by Jonathan Drouin.
7:49 of 3rd period - Shot by Pierre-Luc Dubois.
7:49 of 3rd period - Stopped by Filip Gustavsson with a rebound.
8:01 of 3rd period - Shot by Nicolas Roy.
8:01 of 3rd period - Goal by Nicolas Roy - RENO LIONS : 1 - VANCOUVER VOODOO : 2.
8:02 of 3rd period - Cole Sillinger wins face-off versus Marcus Foligno in neutral zone.
8:12 of 3rd period - Minor Penalty to Alex Newhook for Hooking.
8:13 of 3rd period - Pierre-Luc Dubois wins face-off versus Christian Dvorak in VANCOUVER VOODOO zone.
9:20 of 3rd period - Shot by Nick Bjugstad.
9:20 of 3rd period - Shot Misses the Net.
9:22 of 3rd period - Shot by Trent Frederic.
9:22 of 3rd period - Deflect By Dylan Strome.
9:22 of 3rd period - Shot Misses the Net.
10:14 of 3rd period - Shot by Elias Pettersson.
10:14 of 3rd period - Shot Misses the Net.
10:22 of 3rd period - Shot by Nicolas Roy.
10:22 of 3rd period - Shot Misses the Net.
10:24 of 3rd period - Shot by Cody Glass.
10:24 of 3rd period - Shot Misses the Net.
10:26 of 3rd period - Shot by Jonathan Drouin.
10:26 of 3rd period - Deflect By Nicolas Roy.
10:26 of 3rd period - Goal by Nicolas Roy - RENO LIONS : 1 - VANCOUVER VOODOO : 3.
10:27 of 3rd period - Cole Sillinger wins face-off versus Patrick Brown in neutral zone.
10:44 of 3rd period - Shot by Cole Sillinger.
10:44 of 3rd period - Shot Misses the Net.
10:46 of 3rd period - Shot by Alex Newhook.
10:46 of 3rd period - Stopped by Stuart Skinner without a rebound.
10:47 of 3rd period - Nick Bjugstad wins face-off versus Jonathan Drouin in RENO LIONS zone.
11:07 of 3rd period - Minor Penalty to Marcus Foligno for Interference.
11:08 of 3rd period - Elias Pettersson wins face-off versus Conor Garland in RENO LIONS zone.
11:23 of 3rd period - Shot by Jonathan Drouin.
11:23 of 3rd period - Shot Blocked by Ethan Bear.
11:25 of 3rd period - Shot by Callan Foote.
11:25 of 3rd period - Stopped by Stuart Skinner without a rebound.
11:26 of 3rd period - Elias Pettersson wins face-off versus Cody Glass in RENO LIONS zone.
11:47 of 3rd period - Shot by Rafael Harvey-Pinard.
11:47 of 3rd period - Shot Misses the Net.
11:49 of 3rd period - Shot by Cody Glass.
11:49 of 3rd period - Shot Blocked by Nick Bjugstad.
11:51 of 3rd period - Shot by Jordan Harris.
11:51 of 3rd period - Shot Misses the Net.
12:41 of 3rd period - Shot by Joshua Norris.
12:41 of 3rd period - Goal by Joshua Norris - RENO LIONS : 1 - VANCOUVER VOODOO : 4.
12:42 of 3rd period - Cole Sillinger wins face-off versus Trent Frederic in neutral zone.
12:55 of 3rd period - Shot by Patrick Brown.
12:55 of 3rd period - Deflect By Trent Frederic.
12:55 of 3rd period - Stopped by Filip Gustavsson without a rebound.
12:56 of 3rd period - Pierre-Luc Dubois wins face-off versus Joshua Norris in VANCOUVER VOODOO zone.
12:56 of 3rd period - Pierre-Luc Dubois is hit by Logan Stanley.
13:08 of 3rd period - Icing by Joshua Norris.
13:09 of 3rd period - Trent Frederic wins face-off versus Joshua Norris in VANCOUVER VOODOO zone.
13:24 of 3rd period - Shot by Joshua Norris.
13:24 of 3rd period - Stopped by Stuart Skinner without a rebound.
13:25 of 3rd period - Nick Bjugstad wins face-off versus Radek Faksa in RENO LIONS zone.
13:44 of 3rd period - Christian Dvorak is hit by Marcus Foligno and loses puck.
13:54 of 3rd period - Dylan Strome is hit by Braden Schneider and loses puck.
14:08 of 3rd period - Icing by Christian Dvorak.
14:09 of 3rd period - Radek Faksa wins face-off versus Pierre-Luc Dubois in VANCOUVER VOODOO zone.
14:31 of 3rd period - Shot by Kirill Kaprizov.
14:31 of 3rd period - Stopped by Filip Gustavsson without a rebound.
14:32 of 3rd period - Trent Frederic wins face-off versus Cody Glass in VANCOUVER VOODOO zone.
14:58 of 3rd period - Shot by Trent Frederic.
14:58 of 3rd period - Stopped by Filip Gustavsson without a rebound.
14:59 of 3rd period - Pierre-Luc Dubois wins face-off versus Joshua Norris in VANCOUVER VOODOO zone.
15:03 of 3rd period - Kirill Kaprizov is hit by Nicolas Hague and loses puck.
15:14 of 3rd period - Kirill Kaprizov is hit by Josh Anderson.
15:40 of 3rd period - Dante Fabbro is hit by Josh Anderson and loses puck.
16:07 of 3rd period - Shot by Nicolas Roy.
16:07 of 3rd period - Shot Blocked by Robert Hagg.
16:14 of 3rd period - Off-side.
16:15 of 3rd period - Radek Faksa wins face-off versus Trent Frederic in neutral zone.
16:19 of 3rd period - Conor Garland is hit by Ethan Bear and loses puck.
16:22 of 3rd period - Shot by Christian Dvorak.
16:22 of 3rd period - Goal by Christian Dvorak - RENO LIONS : 1 - VANCOUVER VOODOO : 5.
16:23 of 3rd period - Nick Bjugstad wins face-off versus Radek Faksa in neutral zone.
16:45 of 3rd period - Shot by Nick Bjugstad.
16:45 of 3rd period - Shot Misses the Net.
19:14 of 3rd period - Icing by Robert Hagg.
19:15 of 3rd period - Nick Bjugstad wins face-off versus Joshua Norris in RENO LIONS zone.
19:27 of 3rd period - Shot by Joshua Norris.
19:27 of 3rd period - Goal by Joshua Norris - RENO LIONS : 1 - VANCOUVER VOODOO : 6.
19:28 of 3rd period - Cole Sillinger wins face-off versus Pierre-Luc Dubois in neutral zone.
19:56 of 3rd period - Shot by Kirill Kaprizov.
19:56 of 3rd period - Shot Misses the Net.
19:58 of 3rd period - Shot by Pierre-Luc Dubois.
19:58 of 3rd period - Stopped by Filip Gustavsson without a rebound.
19:59 of 3rd period - Nick Bjugstad wins face-off versus Rafael Harvey-Pinard in VANCOUVER VOODOO zone.
Goals for this period are 1 for RENO LIONS vs 5 for VANCOUVER VOODOO.
Shots for this period are 18 for RENO LIONS vs 16 for VANCOUVER VOODOO.


BLAKE
WHEELER
STEVEN
STAMKOS
DREW
DOUGHTY

EAST COAST

HOCKEY LEAGUE

  • 63.RHI2PIT5
  • 64.WOR4ATL3
  • 65.QUECHW
  • 66.CHATRV